 Dungeon Crawl Stone Soup version 0.30-a0-696-g2367cd04db (webtiles) character file.

Game seed: 3700920751757222229

12298 browni3141 the Thaumaturge (level 12, 0/86 (89) HPs)
             Began as a Djinni Fire Elementalist on Jan 20, 2023.
             Was a Believer of Makhleb.
             Killed from afar by a manticore (20 damage)
             ... with a volley of spikes
             ... on level 11 of the Dungeon.
             The game lasted 00:23:34 (9979 turns).

browni3141 the Thaumaturge (DjFE)                   Turns: 9979, Time: 00:23:35

HP:   0/86 (89)     AC:  8    Str: 11    XL:     12   Next: 18%
Gold: 676           EV: 12    Int: 17    God:    Makhleb [**....] SH:  0 Dex: 15

rFire   + + +      SeeInvis .    H - +4 scimitar
rCold   x x .      Faith    .    (no shield)
rNeg    . . .      Spirit   .    n - +1 robe "Osenon" {rPois Regen+}
rPois   ∞          Reflect  .    s - +0 helmet
rElec   .          Harm     .    (no cloak)
rCorr   .          Rampage  .    (no gloves)
Will    +....                    (boots unavailable)
Stlth   ++                       (no amulet)
HPRegen 1.14/turn                N - ring of fire
MPRegen 0.00/turn                G - +4 ring of protection

@: spiked, flying, hasted, lightly drained, very quick
A: sickness immunity, fire resistance 2, cold vulnerability 1, float, innate
caster, HP casting, extra vitality 1
a: Renounce Religion, Minor Destruction


You were on level 11 of the Dungeon.
You worshipped Makhleb.
Makhleb was pleased with you.
You visited 2 branches of the dungeon, and saw 12 of its levels.
You also visited: Sewer.

You collected 676 gold pieces.

Inventory:

Hand Weapons
 g - a +0 long sword
 j - a +0 dagger of venom
 H - a +4 scimitar (weapon)
Missiles
 h - a throwing net
 O - 5 curare-tipped darts
Armour
 a - a +0 robe
 n - the +1 robe "Osenon" (worn) {rPois Regen+}
   (You found it on level 2 of the Dungeon)

   rPois:     It protects you from poison.
   Regen:     It increases your rate of health regeneration.
 s - a +0 helmet (worn)
 J - a +3 chain mail
Jewellery
 E - a ring of wizardry
 G - a +4 ring of protection (right hand)
 I - a ring of protection from fire
 N - a ring of fire (left hand)
 P - a ring of resist corrosion
Wands
 C - a wand of iceblast (14)
 L - a wand of charming (2)
Scrolls
 c - 4 scrolls of amnesia
 e - 4 scrolls of noise
 k - 3 scrolls of fear
 l - a scroll of poison
 q - 3 scrolls of teleportation
 v - 3 scrolls of blinking
 w - 3 scrolls of immolation
 x - 2 scrolls of vulnerability {unknown}
 y - 3 scrolls of fog {unknown}
 z - 2 scrolls of enchant weapon {unknown}
 F - a scroll of magic mapping {unknown}
 K - 3 scrolls of identify
Potions
 b - 4 potions of magic
 d - 4 potions of degeneration {unknown}
 f - 2 potions of brilliance {unknown}
 i - 2 potions of ambrosia {unknown}
 m - 3 potions of curing
 o - 2 potions of might
 p - 4 potions of lignification {unknown}
 r - 3 potions of mutation {unknown}
 t - 4 potions of resistance {unknown}
 u - 2 potions of invisibility {unknown}
 A - 4 potions of cancellation {unknown}
 B - a potion of haste
 D - 2 potions of attraction {unknown}
 M - a potion of heal wounds {unknown}


   Skills:
 - Level 9.0 Fighting
 - Level 9.0 Long Blades
 - Level 2.1 Dodging
 - Level 1.5 Stealth
 * Level 10.6 Spellcasting


You had 5 spell levels left.
You knew the following spells:

 Your Spells              Type           Power      Damage    Failure   Level
a - Foxfire               Conj/Fire      100%       2x1d9     1%          1
b - Scorch                Fire           100%       2d10      1%          2
c - Kindle Blastsparks    Fire/Tloc/Air  100%       2d18      1%          3
d - Inner Flame           Hex/Fire       61%        N/A       1%          3
e - Flame Wave            Conj/Fire      61%        2d14      1%          4
f - Summon Small Mammal   Summ           100%       N/A       1%          1
g - Searing Ray           Conj           90%        2d7       1%          2
h - Call Imp              Summ           45%        N/A       1%          2
i - Cause Fear            Hex            22%        N/A       1%          4
j - Borgnjor's Vile Clut  Necr/Erth      22%        N/A       2%          5
Your spell library was empty.

Dungeon Overview and Level Annotations

Branches:
Dungeon (11/15)            Temple (1/1) D:7            Lair (0/5) D:8
    Orc (0/2) D:11          Sewer (visited)

Altars:
Ashenzari
Cheibriados
Dithmenos
Elyvilon
Fedhas
Gozag
Hepliaklqana
Makhleb
Nemelex Xobeh
Okawaru
Qazlal
Ru
Trog
Uskayaw
Wu Jian
Xom
Yredelemnul
Zin
The Shining One

Annotations:
D:10 4 transporters
D:11 Maurice, Nergalle


Innate Abilities, Weirdness & Mutations

You are immune to sickness and miasma.
You are immune to poison.
Your flesh is very heat resistant. (rF++)
You are vulnerable to cold. (rC-)
You float through the air rather than walking.
You learn spells naturally, not from books.
Your magical power is your life essence.
You have superior vitality. (+4 MHP)


Message History

Maurice the Thief comes into view.
He is wielding a +0 short sword, wearing a +0 cloak of poison resistance and carrying a wand of iceblast (2).
Maurice shouts!
The manticore flicks its tail.
The volley of spikes hits you!
The barbed spikes become lodged in your body.
* * * LOW HITPOINT WARNING * * *
Maurice mumbles some strange words.
Maurice puts on a burst of speed!
Blink to where?
Press: ? - help, Dir - move target
Found 3 poisoned darts.
As you read the scroll of blinking, it crumbles to dust.
You feel better.
The manticore flicks its tail.
The volley of spikes hits you!
The barbed spikes become lodged in your body.
* * * LOW HITPOINT WARNING * * *
Aiming: Charm
Press: ? - help, Shift-Dir - straight line, f - manticore
Aim: a manticore (chance to affect: 31%)
Okay, then.
You feel better.
You feel better.
Aiming: Charm
Press: ? - help, Shift-Dir - straight line, f - Maurice
Aim: Maurice, wielding a +0 short sword, wearing a +0 cloak of poison resistance and carrying a wand of iceblast (2) (covering ground quickly, chance to affect: 49%) Maurice resists with some effort.
The manticore flicks its tail.
The volley of spikes hits you!
The barbed spikes become lodged in your body.
* * * LOW HITPOINT WARNING * * *
Aiming: Charm
Press: ? - help, Shift-Dir - straight line, f/p - Maurice
Aim: Maurice, wielding a +0 short sword, wearing a +0 cloak of poison resistance and carrying a wand of iceblast (2) (covering ground quickly, chance to affect: 49%) Maurice is charmed.
You feel better.
The manticore flicks its tail.
The volley of spikes hits you!!
The barbed spikes become lodged in your body.
You die...

...@.........o.o......
.........#oo..........
......#..#.o.....####.
......#..o....#..# .
#..#..#.H#....#..# #.
#.@...#....#..# #
#.....#....#..#
#.....# ..# #.@...#
..# #.....# #..#..#
#..#.... #..# .....
#..# ##### #.(. #...


You could see a manticore, an orc warrior, 2 orcs and the friendly Maurice
(charmed, swift).

Vanquished Creatures
  Sonja (D:11)
  Pikel (D:9)
  An ugly thing (D:11)
  Maggie (D:8)
  Psyche (D:10)
  A rime drake (D:8)
  2 trolls
  Sigmund (D:3)
  3 wraiths
  2 wyverns
  20 yaks
  A vampire (D:10)
  A steam dragon (D:8)
  3 vampire mosquitoes (D:10)
  An acid dragon (D:9)
  2 water moccasins (D:8)
  3 orc warriors
  6 ice beasts
  2 sky beasts
  A black bear (D:7)
  2 wolves (D:8)
  5 centaurs
  A phantom (D:7)
  2 lemures (D:9)
  A bullfrog (D:7)
  5 kobold brigands
  A necrophage (D:5)
  2 scorpions (D:5)
  The ghost of zinnoa the Vexing, an amateur FeEn (D:4)
  4 wights (D:6)
  15 killer bees
  7 howler monkeys
  A jelly (D:5)
  5 orc priests
  11 hounds
  2 gnoll boudas
  5 iguanas
  14 orc wizards
  9 adders
  13 gnolls
  2 river rats (Sewer)
  4 white imps
  5 worms
  A dart slug (D:2)
  31 orcs
  16 ball pythons
  2 bat zombies (D:10)
  10 endoplasms
  3 giant cockroaches
  12 hobgoblins
  2 jackals (D:1)
  3 quokkas
  3 bats
  4 frilled lizards
  10 goblins
  17 kobolds
  8 rats
  5 bushes (D:8)
298 creatures vanquished.

Vanquished Creatures (collateral kills)
  3 foxfires (D:8)
3 creatures vanquished.

Vanquished Creatures (others)
  A bush (D:8)
  A butterfly (D:8)
  820 foxfires
822 creatures vanquished.

Grand Total: 1123 creatures vanquished

Notes
Turn   | Place    | Note
-------+----------+-------------------------------------------
     0 | D:1      | browni3141 the Djinni Fire Elementalist began the quest for
                  | the Orb.
     0 | D:1      | browni3141 set off with the following spells memorised:
                  | Foxfire, Scorch, Kindle Blastsparks, Inner Flame, Flame
                  | Wave.
     0 | D:1      | Reached XP level 1. HP: 15/15 MP: 0/0
    77 | D:1      | Reached XP level 2. HP: 18/21 MP: 0/0
   130 | D:1      | Reached skill level 3 in Spellcasting
   333 | D:1      | Reached XP level 3. HP: 24/25 MP: 0/0
   333 | D:1      | Learned a level 1 spell: Summon Small Mammal
  1454 | D:2      | Identified the +1 robe "Osenon" {rPois Regen+}
  1860 | D:3      | Reached XP level 4. HP: 23/31 MP: 0/0
  1962 | D:3      | Noticed Sigmund
  2001 | D:4      | Reached skill level 4 in Spellcasting
  2001 | D:4      | Reached skill level 1 in Fighting
  2001 | D:4      | Reached XP level 5. HP: 31/37 MP: 0/0
  2001 | D:4      | Learned a level 2 spell: Searing Ray
  2019 | D:4      | Found an iron altar of Okawaru.
  2020 | D:4      | Found an opulent altar of Gozag.
  2021 | D:4      | Found a glowing golden altar of the Shining One.
  2023 | D:4      | Found a shadowy altar of Dithmenos.
  2023 | D:4      | Found a hazy altar of Hepliaklqana.
  2025 | D:4      | Found a glowing silver altar of Zin.
  2025 | D:4      | Found a snail-covered altar of Cheibriados.
  2026 | D:4      | Found a sacrificial altar of Ru.
  2044 | D:4      | Reached XP level 6. HP: 12/46 MP: 0/0
  2117 | D:3      | Killed Sigmund
  2118 | D:3      | Reached skill level 5 in Spellcasting
  2118 | D:3      | Reached XP level 7. HP: 35/50 MP: 0/0
  2118 | D:3      | Learned a level 2 spell: Call Imp
  2217 | D:3      | Found a glowing drain.
  2233 | Sewer    | Entered a sewer
  2508 | Sewer    | Reached skill level 6 in Spellcasting
  2508 | Sewer    | Reached XP level 8. HP: 44/58 MP: 0/0
  3561 | D:4      | Found a large runed translucent door.
  3561 | D:4      | Found a large runed translucent door.
  3563 | D:4      | Noticed zinnoa's ghost (amateur FeEn)
  3750 | D:4      | Killed zinnoa's ghost
  3780 | D:5      | Entered Level 5 of the Dungeon
  3838 | D:5      | Reached skill level 7 in Spellcasting
  3850 | D:5      | Reached skill level 5 in Fighting
  4046 | D:5      | Reached XP level 9. HP: 66/66 MP: 0/0
  4046 | D:5      | Learned a level 4 spell: Cause Fear
  4745 | D:6      | Reached skill level 8 in Spellcasting
  4825 | D:6      | Found a bloodstained altar of Trog.
  5800 | D:7      | Reached skill level 1 in Long Blades
  6100 | D:7      | Reached XP level 10. HP: 59/72 MP: 0/0
  6111 | D:7      | Reached skill level 9 in Spellcasting
  6334 | D:7      | Found a staircase to the Ecumenical Temple.
  6959 | Temple   | Entered the Ecumenical Temple
  6959 | Temple   | Found a transporter.
  6959 | Temple   | Found a transporter.
  6961 | Temple   | Found a transporter.
  6961 | Temple   | Found a transporter.
  6984 | Temple   | Became a worshipper of Makhleb the Destroyer
  7143 | D:8      | Noticed a rime drake
  7148 | D:8      | Noticed Maggie
  7273 | D:8      | Found a white marble altar of Elyvilon.
  7276 | D:8      | Killed a rime drake
  7323 | D:8      | Found a staircase to the Lair.
  7341 | D:8      | Reached skill level 5 in Long Blades
  7346 | D:8      | Reached * piety under Makhleb
  7465 | D:8      | Killed Maggie
  7491 | D:8      | Found a sparkling altar of Nemelex Xobeh.
  7514 | D:8      | Found a hide-covered altar of Uskayaw.
  7650 | D:8      | Reached skill level 10 in Spellcasting
  7672 | D:8      | Reached XP level 11. HP: 38/76 MP: 0/0
  7672 | D:8      | Learned a level 5 spell: Borgnjor's Vile Clutch
  8328 | D:9      | Noticed Pikel
  8331 | D:9      | Killed Pikel
  8829 | D:10     | Entered Level 10 of the Dungeon
  8840 | D:10     | Reached ** piety under Makhleb
  9073 | D:10     | Found a transporter.
  9090 | D:10     | Found a transporter.
  9331 | D:10     | Found a transporter.
  9425 | D:10     | Found a transporter.
  9621 | D:10     | Noticed Psyche
  9629 | D:10     | Killed Psyche
  9630 | D:10     | Reached XP level 12. HP: 85/89 MP: 0/0
  9879 | D:11     | Noticed Sonja
  9888 | D:11     | Killed Sonja
  9959 | D:11     | Found a staircase to the Orcish Mines.
  9959 | D:11     | Noticed Nergalle
  9969 | D:11     | Noticed Maurice
  9974 | D:11     | HP: 3/86 [manticore/volley of spikes (16)]
  9979 | D:11     | Killed from afar by a manticore

Illustrated notes

Levels and vault maps discovered:
D:1:      dpeg_arrival_renting, layout_loops_cross
D:2:      layout_basic
D:3:      layout_loops_ring, cheibrodos_sewer_entry_bend, uniq_sigmund
D:4:      layout_loops_cross, grunt_temple_overflow_open,
          ebering_ghost_disaster_area, minmay_starry_boxes
D:5:      layout_basic
D:6:      layout_layer_cave, nzn_overflow_gifts_of_might_and_magic
D:7:      layout_loops_corners, temple_green, roderic_serpentine_path
D:8:      layout_loops_ring, chequers_temple_overflow_statue_of_worship,
          nicolae_elyvilon_peaceful_grove, nemelex_diamond_rough_becter,
          hellmonk_lair_entry_icy, uniq_maggie
D:9:      layout_basic, minmay_tree_intersection, uniq_pikel
D:10:     layout_loops_ring, lemuel_zombie_altar_kikubaaqudgha,
          nicolae_transporter_circle, uniq_psyche
D:11:     nzn_winding_woodlands_three_and_one
          [nzn_winding_woodlands_5x15_garden,
          nzn_winding_woodlands_5x15_default, nzn_winding_woodlands_5x15_twine,
          nzn_winding_woodlands_center_pierced_h], layout_grid_maze,
          orc_david_3, gauntlet_entry_generic, uniq_sonja, uniq_maurice,
          uniq_nergalle
Temple:   hellmonk_temple_divided_pantheon

Skill      XL: |  1  2  3  4  5  6  7  8  9 10 11 |
---------------+----------------------------------+-----
Spellcasting   | 3 4 5 6 7 8 10 | 10.6
Fighting       | 1 3 4 5 6 9 |  9.0
Long Blades    | 2 6 9 |  9.0
Dodging        | |  2.1
Stealth        | |  1.5

Action                   |  1- 3 |  4- 6 |  7- 9 | 10-12 || total
-------------------------+-------+-------+-------+-------++-------
Melee: Dagger            |    28 |     9 |    30 |       ||    67
       Scimitar          |       |       |     7 |    51 ||    58
 Cast: Foxfire           |    43 |    28 |   283 |   177 ||   531
       Scorch            |     1 |    18 |    26 |    70 ||   115
       Searing Ray       |       |       |     3 |     3 ||     6
       Call Imp          |       |       |     1 |       ||     1
       Inner Flame       |       |       |     1 |     6 ||     7
       Kindle Blastspark |       |       |       |     6 ||     6
       Cause Fear        |       |       |       |     6 ||     6
       Flame Wave        |       |       |       |     2 ||     2
       Borgnjor's Vile C |       |       |       |    19 ||    19
Evoke: Wand              |       |       |       |     2 ||     2
  Use: Scroll            |     2 |       |     4 |     3 ||     9
       Potion            |       |       |       |     6 ||     6
 Stab: Sleeping          |     2 |     1 |     2 |     1 ||     6
       Distracted        |       |       |       |     2 ||     2
Armor: Robe              |     4 |     3 |    23 |    44 ||    74
Dodge: Dodged            |    30 |    11 |    64 |    92 ||   197

Table legend: (Time is in decaauts)
 A = Elapsed time spent in this place.
 B = Non-inter-level travel time spent in this place.
 C = Inter-level travel time spent in this place.
 D = Time resting spent in this place.
 E = Time spent auto-exploring this place.
 F = Levels seen in this place.
 G = Mean time per level.
                   A        B        C        D        E       F      G
               +--------+--------+--------+--------+--------+-----+--------+
         Total |   9985 |   9636 |    349 |     91 |   7441 |  13 |  768.1 |
       Dungeon |   9585 |   9239 |    346 |     91 |   7267 |  11 |  871.4 |
        Temple |     39 |     36 |      3 |      0 |      7 |   1 |   39.0 |
         Sewer |    360 |    360 |      0 |      0 |    167 |   1 |  360.0 |
               +--------+--------+--------+--------+--------+-----+--------+

Top non-repeatable levels by time:
     D:6: 1201 daAuts
     D:2: 1175 daAuts
     D:7: 1170 daAuts
    D:10: 1007 daAuts
     D:9: 949 daAuts
     D:8: 880 daAuts
     D:4: 838 daAuts
     D:5: 813 daAuts
     D:3: 735 daAuts
     D:1: 668 daAuts
   Sewer: 360 daAuts
    D:11: 143 daAuts
  Temple: 39 daAuts
